 Dungeon Crawl Stone Soup version 0.30-a0-808-g6e0788376e (webtiles) character file.

Game seed: 5161333177835949290

62986 holysushi the Spry (level 15, -3/70 HPs)
             Began as a Vine Stalker Monk on Feb 26, 2023.
             Was an Initiate of Gozag.
             Slain by a minotaur
             ... wielding a +5 flail of protection
              (14 damage)
             ... in a Gauntlet.
             The game lasted 00:35:10 (18355 turns).

holysushi the Spry (Vine Stalker Monk)             Turns: 18355, Time: 00:35:11

Health: -3/70      AC: 13    Str: 18    XL:     15   Next: 8%
Magic:  0/32       EV: 25    Int: 10    God:    Gozag
Gold:   5203       SH:  6    Dex: 23    Spells: 38/38 levels left

rFire   + + .      SeeInvis .    a - +4 quick blade (vamp)
rCold   + . .      Faith    .    d - +1 buckler
rNeg    + + .      Spirit   +    l - +2 robe {rN+}
rPois   .          Reflect  .    t - +0 helmet "Qarrol" {rElec rF+ Str+3}
rElec   +          Harm     .    (no cloak)
rCorr   .          Rampage  .    W - +2 pair of gloves of Orarchuigg {rF+ rC+}
Will    ++++.      Clarity  +    K - +0 pair of boots
Stlth   ++++++     NoTele   +    A - amulet of the Four Winds {rN+ Will+++ Clar}
HPRegen 1.11/turn                f - +4 ring of slaying
MPRegen 0.23/turn                N - +4 ring of protection

@: hasted, very quick
A: fangs 3, regeneration 1, magic shield, antimagic bite, no potion heal 2
a: Renounce Religion, Potion Petition, Call Merchant, Bribe Branch


You were in a Gauntlet.
You worshipped Gozag.
Gozag was greatly pleased with you.
You visited 2 branches of the dungeon, and saw 17 of its levels.
You also visited: Bailey, Gauntlet and Volcano.

You collected 5744 gold pieces.
You spent 60 gold pieces at shops.
You paid 481 gold pieces to Gozag.

Inventory:

Hand Weapons
 a - a +4 vampiric quick blade (weapon)
 O - the +6 Majin-Bo {spellvamp, MP+6 Int+6}
   (You found it in a Gauntlet)

   Int:       It affects your intelligence (+6).
   MP:        It affects your magic capacity (+6).
 Z - a +1 hand crossbow of flaming
Missiles
 s - a throwing net (quivered)
Armour
 b - a +0 kite shield
 d - a +1 buckler (worn)
 l - a +2 robe of positive energy (worn)
 t - the +0 helmet "Qarrol" (worn) {rElec rF+ Str+3}
   (You found it on level 5 of the Lair of Beasts)

   Str:       It affects your strength (+3).
   rF:        It protects you from fire.
   rElec:     It insulates you from electricity.
 K - a +0 pair of boots (worn)
 W - the +2 pair of gloves of Orarchuigg (worn) {rF+ rC+}
   (You acquired it on level 4 of the Lair of Beasts)

   rF:        It protects you from fire.
   rC:        It protects you from cold.
Jewellery
 f - a +4 ring of slaying (left hand)
 A - the amulet of the Four Winds (around neck) {rN+ Will+++ Clar}
   (You took it off Kirke on level 4 of the Lair of Beasts)

   [amulet of nothing]

   rN:        It protects you from negative energy.
   Clar:      It protects you against confusion.
   Will:      It greatly increases your willpower.
 G - a ring of poison resistance
 I - an amulet of magic regeneration
 J - a ring of resist corrosion
 N - a +4 ring of protection (right hand)
 P - a ring of protection from cold
 U - a +6 ring of strength
 X - a ring of see invisible
Wands
 v - a wand of flame (43)
 F - a wand of quicksilver (9)
 H - a wand of charming (2)
 Q - a wand of iceblast (16)
Scrolls
 i - a scroll of summoning
 n - 3 scrolls of brand weapon
 u - 5 scrolls of vulnerability
 x - 4 scrolls of fog
 y - 3 scrolls of teleportation
 D - 3 scrolls of blinking
 E - 2 scrolls of fear
 M - 3 scrolls of magic mapping
 R - 2 scrolls of enchant armour
 S - a scroll of poison
 T - 2 scrolls of silence
 Y - a scroll of torment
Potions
 c - 3 potions of ambrosia
 e - 4 potions of berserk rage
 g - 7 potions of attraction
 h - a potion of magic
 j - 2 potions of might
 k - 6 potions of resistance
 m - 8 potions of heal wounds
 o - 4 potions of haste
 p - 3 potions of curing
 q - 3 potions of cancellation
 r - 5 potions of lignification
 w - 6 potions of mutation
 z - 3 potions of invisibility
 B - 4 potions of flight
 L - a potion of brilliance
Miscellaneous
 V - a phantom mirror


   Skills:
 - Level 4.0 Fighting
 - Level 8.0 Short Blades
 + Level 16.1 Dodging
 + Level 13.6 Stealth
 - Level 2.0 Shields
 + Level 12.3 Spellcasting


You had 38 spell levels left.
You didn't know any spells.
Your spell library contained the following spells:

 Spells                   Type           Power      Damage    Failure   Level
 Kiss of Death            Conj/Necr      24%        2d7       14%         1
 Magic Dart               Conj           24%        1d4       14%         1
 Necrotise                Necr           24%        1d5       14%         1
 Lesser Beckoning         Tloc           12%        N/A       22%         2
 Searing Ray              Conj           12%        2d4       22%         2
 Gell's Gravitas          Tloc           6%         N/A       41%         3
 Kindle Blastsparks       Fire/Tloc/Air  12%        2d11      41%         3
 Ozocubu's Armour         Ice            6%         N/A       41%         3
 Portal Projectile        Hex/Tloc       12%        N/A       41%         3
 Teleport Other           Tloc           6%         N/A       41%         3
 Tukima's Dance           Hex            6%         N/A       41%         3
 Animate Armour           Summ/Erth      12%        N/A       82%         4
 Fulminant Prism          Conj/Hex       3%         3d5       82%         4
 Iskenderun's Mystic Bla  Conj/Tloc      6%         2d4       82%         4
 Summon Lightning Spire   Summ/Air       6%         N/A       82%         4
 Blade Hands              Tmut           3%         N/A       99%         5
 Lee's Rapid Deconstruct  Erth           3%         3d5*      99%         5
 Metabolic Englaciation   Hex/Ice        3%         N/A       99%         5
 Conjure Ball Lightning   Conj/Air       3%         3x3d6     100%        6
 Iron Shot                Conj/Erth      3%         9d2       100%        6
 Simulacrum               Ice/Necr       Unusable   N/A       N/A         6

Dungeon Overview and Level Annotations

Branches:
Dungeon (13/15) Zot: 26985  Temple (0/1) D:4            Lair (5/5) D:8 Zot: 23922
  Swamp (0/4) Lair:3        Snake (0/4) Lair:2        Slime (0/5) Lair:4
 Bailey (visited)         Volcano (visited)         Gauntlet (1/1) Zot: 5518
    Orc: D:9-12      Vaults: D:13-14

Altars:
Ashenzari
Elyvilon
Fedhas
Gozag
Hepliaklqana
Makhleb
Nemelex Xobeh
Uskayaw
Wu Jian
Xom
Zin
The Shining One

Shops:
D:1 *   D:7 *=

Annotations:
D:3 exclusion: downstairs
D:6 2 runed translucent doors, cforsyth's ghost, amateur KoBr
D:10 3 runed translucent doors, browni3141's ghost, journeyman OpBr; groundbeetle's ghost, journeyman DsHu Gauntlet 6 transporters, 1 runed translucent door


Innate Abilities, Weirdness & Mutations

You have razor-sharp teeth.
Your natural rate of healing is unusually fast.
When hurt, damage is shared between your health and your magic reserves.
Your bite disrupts and absorbs the magic of your enemies.
Potions cannot restore your health.


Message History

The minotaur is lightly wounded.
You hit the minotaur but do no damage. You bite the minotaur.
You drain its power.
The minotaur is moderately wounded.
The minotaur barely misses you. The minotaur closely misses you.
You hit the minotaur but do no damage.
You bite the minotaur, but do no damage.
The minotaur is lightly wounded.
You hit the minotaur.
The minotaur is moderately wounded.
You hit the minotaur but do no damage. Your bite misses the minotaur.
The minotaur is moderately wounded.
The minotaur hits you with a +5 flail of protection!!
The minotaur gores you!
You hit the minotaur.
You feel better.
Your bite misses the minotaur.
The minotaur is moderately wounded.
You hit the minotaur.
You feel better.
You bite the minotaur, but do no damage.
The minotaur is moderately wounded.
You barely miss the minotaur. You bite the minotaur. You drain its power.
You feel invigorated.
The minotaur is moderately wounded.
The minotaur hits you with a +5 flail of protection!!
The minotaur gores you but does no damage.
You barely miss the minotaur.
The minotaur furiously retaliates!
The minotaur headbutts you.
Your bite misses the minotaur.
The minotaur is moderately wounded.
You closely miss the minotaur.
The minotaur furiously retaliates!
The minotaur headbutts you, but does no damage.
Your bite misses the minotaur.
The minotaur is moderately wounded.
You hit the minotaur but do no damage. Your bite misses the minotaur.
The minotaur is moderately wounded.
The minotaur hits you with a +5 flail of protection!!!
* * * LOW HITPOINT WARNING * * *
The minotaur gores you but does no damage.
You feel yourself speed up.
The minotaur hits you with a +5 flail of protection!!
You die...
Your body crumbles into a pile of gold.

###### ##..# ####....#
##. #≈..#
##....##.##.....###..#
#..##.##....##..##≈..#
##.##....##.##..###..#
##....##.##.......#..#
#..##.##....##...©#..#
########.##.##....#.∩.
###∩H@.'.##.......#...
#.######....##...©#..#
##.##....##.##....#..#
##....##.##.....###..#
#..##.##....##..##≈..#
##.##....##.##..###..#
#....##.##.....##≈..#
####.##....##..###..#
##############≈..#


You could see a minotaur.

Vanquished Creatures
  Kirke (Lair:4)
  Nessos (Lair:3)
  Snorg (D:10)
  5 hydras
  2 vault guards (Bailey)
  A catoblepas (Lair:5)
  A two-headed ogre (D:11)
  A deep troll shaman (Lair:5)
  A boulder beetle (Lair:1)
  13 death yaks
  3 skysharks
  A glowing orange brain (Gauntlet)
  A deep elf archer (Volcano)
  4 deep elf pyromancers (Volcano)
  2 ugly things
  3 cyclopes (D:11)
  A manticore (D:11)
  14 elephants
  8 black mambas
  7 cane toads
  A rust devil (Gauntlet)
  A torpor snail (Lair:2)
  A gargoyle (D:11)
  4 rime drakes
  A kobold demonologist (D:10)
  13 komodo dragons
  Psyche (D:8)
  3 trolls
  2 polar bears
  Prince Ribbit (Bailey)
  10 blink frogs
  5 dream sheep
  2 shadows (D:10)
  A wraith (D:11)
  2 ynoxinuls (Gauntlet)
  A vampire (D:11)
  3 fire elementals (Volcano)
  5 wyverns
  43 yaks
  4 hogs
  5 humans (Bailey)
  A steam dragon (D:10)
  7 basilisks
  8 hell hounds (Volcano)
  14 water moccasins
  A black bear (D:7)
  5 ice beasts (D:8)
  A sky beast (D:7)
  4 orc warriors
  4 ogres
  8 wolves
  2 kobold brigands
  A phantom (D:5)
  22 bullfrogs
  5 scorpions
  2 necrophages
  5 gnoll sergeants
  17 wights
  32 killer bees
  A howler monkey (D:6)
  A lava snake (D:9)
  4 hounds (D:6)
  4 gnoll boudas
  7 orc priests
  4 iguanas
  6 iron imps (Gauntlet)
  7 orc wizards
  24 gnolls
  6 adders
  A shadow imp (D:6)
  2 white imps
  2 ufetubi (D:4)
  A worm (D:5)
  3 dart slugs
  20 orcs
  5 ball pythons
  3 endoplasms
  2 giant cockroaches
  13 hobgoblins
  6 jackals
  2 quokkas
  7 bats
  A frilled lizard (D:2)
  16 goblins
  27 kobolds
  10 rats
504 creatures vanquished.

Vanquished Creatures (collateral kills)
  2 yaks (Lair:4)
2 creatures vanquished.

Vanquished Creatures (others)
  36 fungi
  36 plants
72 creatures vanquished.

Grand Total: 578 creatures vanquished

Notes
Turn   | Place    | Note
-------+----------+-------------------------------------------
     0 | D:1      | holysushi the Vine Stalker Monk began the quest for the
                  | Orb.
     0 | D:1      | Reached XP level 1. HP: 11/11 MP: 2/2
   104 | D:1      | Reached XP level 2. HP: 9/16 MP: 3/3
   154 | D:1      | Found Cestro Naix's General Store.
   302 | D:1      | Reached XP level 3. HP: 14/19 MP: 2/4
   764 | D:2      | Gained mutation: Your natural rate of healing is unusually
                  | fast. [Vine Stalker growth]
   764 | D:2      | Reached XP level 4. HP: 16/23 MP: 1/5
  1422 | D:3      | Reached skill level 5 in Short Blades
  1522 | D:3      | Reached XP level 5. HP: 27/27 MP: 6/6
  1749 | D:3      | Found an opulent altar of Gozag.
  1761 | D:3      | Became a worshipper of Gozag Ym Sagoz the Greedy
  1947 | D:4      | Noticed an ogre
  2001 | D:4      | Found a staircase to the Ecumenical Temple.
  2200 | D:4      | Killed an ogre
  2201 | D:4      | Reached skill level 1 in Shields
  2201 | D:4      | Reached XP level 6. HP: 24/32 MP: 2/7
  2614 | D:4      | Reached skill level 3 in Dodging
  3013 | D:5      | Entered Level 5 of the Dungeon
  3015 | D:5      | Identified a scroll of acquirement
  3015 | D:5      | Acquired a +1 vampiric quick blade
  3226 | D:5      | Found a hide-covered altar of Uskayaw.
  3238 | D:5      | Reached XP level 7. HP: 34/35 MP: 8/8
  3487 | D:5      | Found a sparkling altar of Nemelex Xobeh.
  3511 | D:5      | Reached skill level 4 in Dodging
  3992 | D:6      | Gained mutation: You have razor-sharp teeth. [Vine Stalker
                  | growth]
  3992 | D:6      | Reached XP level 8. HP: 39/39 MP: 9/9
  4308 | D:6      | Identified the +1 ring mail of Faig {Str+2 Dex+6}
  4325 | D:6      | Found a large runed translucent door.
  4325 | D:6      | Found a large runed translucent door.
  4328 | D:6      | Noticed cforsyth's ghost (amateur KoBr)
  4467 | D:6      | Reached skill level 5 in Dodging
  4486 | D:6      | Reached XP level 9. HP: 24/45 MP: 7/10
  4539 | D:6      | Reached skill level 6 in Dodging
  5427 | D:7      | Found Dute's Mass Market.
  5514 | D:7      | Reached skill level 7 in Dodging
  5786 | D:7      | Reached skill level 8 in Dodging
  5873 | D:7      | Found a shimmering altar of Xom.
  5874 | D:7      | Found a hazy altar of Hepliaklqana.
  5875 | D:7      | Noticed a spectral ugly thing
  6480 | D:1      | Bought a scroll of identify for 20 gold pieces
  6480 | D:1      | Bought a potion of might for 40 gold pieces
  6895 | D:8      | Noticed a rime drake
  6935 | D:8      | Killed a rime drake
  6936 | D:8      | Reached skill level 9 in Dodging
  6936 | D:8      | Reached XP level 10. HP: 49/49 MP: 11/11
  6959 | D:8      | Reached skill level 1 in Spellcasting
  7005 | D:8      | Found a staircase to the Lair.
  7024 | D:8      | Reached skill level 5 in Stealth
  7129 | D:8      | Found an ornate altar of the Wu Jian Council.
  7203 | D:8      | Noticed Psyche
  7218 | D:8      | Killed Psyche
  7835 | D:9      | Found a flagged portal.
  7848 | Bailey   | Entered a bailey
  7859 | Bailey   | Reached skill level 10 in Dodging
  7933 | Bailey   | Reached XP level 11. HP: 42/53 MP: 17/17
  8028 | Bailey   | Noticed a vault guard
  8028 | Bailey   | Noticed Prince Ribbit
  8045 | Bailey   | Killed a vault guard
  8051 | Bailey   | Killed Prince Ribbit
  8063 | Bailey   | Noticed a vault guard
  8078 | Bailey   | Killed a vault guard
  8268 | D:9      | Reached skill level 10 in Stealth
  8401 | D:9      | Reached skill level 11 in Dodging
  8471 | D:9      | Found a glowing golden altar of the Shining One.
  8471 | D:9      | Found a white marble altar of Elyvilon.
  8541 | D:9      | Found a glowing silver altar of Zin.
  8541 | D:9      | Noticed an angel
  8894 | D:10     | Entered Level 10 of the Dungeon
  9079 | D:10     | Noticed Snorg
  9088 | D:10     | Killed Snorg
  9292 | D:10     | Found a runed translucent gate.
  9293 | D:10     | Found a runed translucent gate.
  9294 | D:10     | Found a runed translucent gate.
  9295 | D:10     | Noticed browni3141's ghost (journeyman OpBr)
  9296 | D:10     | Noticed groundbeetle's ghost (journeyman DsHu)
  9360 | D:10     | Found a burning altar of Makhleb.
  9394 | D:10     | Found a blossoming altar of Fedhas.
  9815 | D:11     | Noticed a cyclops
  9828 | D:11     | Killed a cyclops
  9843 | D:11     | Reached skill level 12 in Dodging
  9867 | D:11     | Noticed a two-headed ogre
  9962 | D:11     | Noticed a cyclops
  9970 | D:11     | Killed a cyclops
 10078 | Lair:1   | Entered Level 1 of the Lair of Beasts
 10099 | Lair:1   | Noticed a boulder beetle
 10143 | Lair:1   | Killed a boulder beetle
 10144 | Lair:1   | Reached XP level 12. HP: 54/58 MP: 18/18
 10513 | Lair:1   | Reached skill level 5 in Spellcasting
 11172 | Lair:2   | Reached skill level 13 in Dodging
 11300 | Lair:2   | Found a staircase to the Snake Pit.
 12190 | Lair:2   | Found a staircase to the Snake Pit.
 12574 | Lair:2   | Reached XP level 13. HP: 61/61 MP: 26/26
 12744 | Lair:3   | Found a staircase to the Swamp.
 12874 | Lair:3   | Reached skill level 14 in Dodging
 13561 | Lair:3   | Noticed Nessos
 13571 | Lair:3   | Killed Nessos
 13572 | Lair:3   | Reached skill level 10 in Spellcasting
 13934 | Lair:4   | Noticed Kirke
 14090 | Lair:4   | Reached skill level 15 in Dodging
 14117 | Lair:4   | Found a staircase to the Slime Pits.
 14336 | Lair:4   | Acquired the +2 pair of gloves of Orarchuigg {rF+ rC+}
 14417 | Lair:4   | Reached XP level 14. HP: 66/66 MP: 29/29
 15080 | Lair:4   | Killed Kirke
 15113 | Lair:5   | Entered Level 5 of the Lair of Beasts
 15121 | Lair:5   | Found a broken altar of Ashenzari.
 15355 | Lair:5   | Found a dark tunnel.
 15363 | Volcano  | Entered a volcano
 15694 | Lair:5   | Got the Catalogue of Ectoplasm and the Sixfirhy
 16053 | Lair:5   | Identified the +0 helmet "Qarrol" {rElec rF+ Str+3}
 17474 | D:11     | Reached skill level 16 in Dodging
 17625 | D:11     | Reached XP level 15. HP: 70/70 MP: 32/32
 17795 | D:11     | You fall into a shaft and drop 2 floors!
 17803 | D:13     | Found a gate leading to a gauntlet.
 17811 | Gauntlet | Entered a Gauntlet
 17811 | Gauntlet | Found a transporter.
 17811 | Gauntlet | Found a transporter.
 17811 | Gauntlet | Found a transporter.
 17820 | Gauntlet | Found a runed translucent door.
 17823 | Gauntlet | Found a transporter.
 17824 | Gauntlet | Found a transporter.
 17832 | Gauntlet | Found a transporter.
 17835 | Gauntlet | Found a transporter.
 17848 | Gauntlet | Found a transporter.
 17858 | Gauntlet | Found a transporter.
 17865 | Gauntlet | Found a transporter.
 17868 | Gauntlet | Found a transporter.
 17878 | Gauntlet | Found a transporter.
 17907 | Gauntlet | Found the +6 Majin-Bo {spellvamp, MP+6 Int+6}
 18355 | Gauntlet | Slain by a minotaur

Illustrated notes

Levels and vault maps discovered:
D:1:      dpeg_arrival_ratfight, layout_rooms, serial_shops, shop,
          due_unseen_surprise
D:2:      layout_loops_ring
D:3:      layout_basic, mainiacjoe_overflow_boulevard
D:4:      layout_basic, minmay_temple_entry_sparse_star, serial_aquarium,
          aquarium_bridge_straight [aquarium_subvault_bridge,
          aquarium_subvault_window, aquarium_subvault_bridge,
          aquarium_subvault_wall], aquarium_bridge_square
          [aquarium_subvault_bridge, aquarium_subvault_balcony,
          aquarium_subvault_bridge, aquarium_subvault_wall], aquarium_window_3,
          aquarium_window_1, aquarium_window_corner, aquarium_view_2g,
          aquarium_view_2d
D:5:      layout_basic, nicolae_overflow_squiral, cheibrodos_sewer_entry_bend
D:6:      kennysheep_housing_project, layout_rooms, ebering_ghost_disaster_area
D:7:      layout_layer_cave, regret_index_temple_of_mockery,
          minmay_misc_feat_room, amcnicky_mini_pool_small, minmay_shop_mass,
          nicolae_concentric_dashed_squares_wild
D:8:      layout_loops_ring, lemuel_doored_altar, hellmonk_lair_entry_icy,
          hellmonk_bongcloud_opening, uniq_psyche
D:9:      layout_loops_cross, zin_angel, nicolae_overflow_two_pavilions,
          enter_bailey_3
D:10:     layout_irregular_city, amcnicky_altar_gilded, marbit_many_paths,
          gammafunk_ghost_cemetery, uniq_snorg
D:11:     layout_long_grid
D:13:     minmay_firetagon, layout_rooms, david_vaults_4,
          gauntlet_entry_generic, minmay_misc_feat_tiny
Lair:1:   layout_cave_pods, grunt_megastairs_1
Lair:2:   layout_hall_layers, minmay_snake_entry_six_corridors, serial_rivers,
          chequers_serial_rivers_large_b, chequers_serial_rivers_micro_b,
          chequers_serial_rivers_micro_d, chequers_serial_rivers_micro_a,
          chequers_serial_rivers_small_b, beast_lair_carwin_9
Lair:3:   wad_woods_minihive, layout_regular_city, swamp_mist, ldierk_geyser,
          mumra_transporter_accident, beast_lair_carwin_1, uniq_nessos
Lair:4:   beast_lair_carwin_large_4, layout_misc_corridors, slime_entry_1,
          uniq_kirke
Lair:5:   grunt_lair_end_beastmaster, layout_layer_cave, basic_altar,
          enter_volcano_2
Gauntlet: minmay_gauntlet_mixed_big_or_small [gammafunk_gauntlet_arena_grid,
          minmay_gauntlet_arena_77_path, nicolae_gauntlet_arena_t_cross,
          minmay_gauntlet_arena_77_mirror, gammafunk_gauntlet_arena_spirals,
          minmay_gauntlet_arena_77_p_blocks, gauntlet_exit_green]

Skill      XL: |  1  2  3  4  5  6  7  8  9 10 11 12 13 14 |
---------------+-------------------------------------------+-----
Short Blades   | 3 4 5 7 8 |  8.0
Stealth        | 3 4 8 10 13 | 13.6
Shields        | 1 2 |  2.0
Dodging        | 3 4 5 9 10 12 13 15 16 | 16.1
Fighting       | 4 |  4.0
Spellcasting   | 3 8 10 12 | 12.3

Action                     |  1- 3 |  4- 6 |  7- 9 | 10-12 | 13-15 || total
---------------------------+-------+-------+-------+-------+-------++-------
  Melee: Short sword       |    73 |    97 |       |       |       ||   170
         Bite              |    10 |    26 |   141 |   332 |   634 ||  1143
         Quick blade       |       |    28 |   358 |   763 |  1277 ||  2426
 Invoke: Call Merchant     |       |       |     1 |       |       ||     1
  Evoke: Wand              |       |       |       |     1 |       ||     1
         Phantom mirror    |       |       |       |       |     1 ||     1
    Use: Scroll            |     7 |     5 |     8 |     8 |     9 ||    37
         Potion            |     1 |     1 |       |     1 |     2 ||     5
   Stab: Sleeping          |     6 |     9 |     9 |    20 |    21 ||    65
         Distracted        |       |       |     3 |     3 |     7 ||    13
         Petrified         |       |       |       |       |     2 ||     2
         Petrifying        |       |       |       |       |     1 ||     1
 Armour: Robe              |    17 |    14 |    11 |    48 |    93 ||   183
  Dodge: Dodged            |    44 |    58 |    97 |   259 |   540 ||   998
  Block: Buckler           |     7 |    18 |    40 |    77 |   167 ||   309

Table legend: (Time is in decaauts)
 A = Elapsed time spent in this place.
 B = Non-inter-level travel time spent in this place.
 C = Inter-level travel time spent in this place.
 D = Time resting spent in this place.
 E = Time spent auto-exploring this place.
 F = Levels seen in this place.
 G = Mean time per level.
                   A        B        C        D        E       F      G
               +--------+--------+--------+--------+--------+-----+--------+
         Total |  16851 |  15669 |   1182 |    789 |  10512 |  20 |  842.5 |
       Dungeon |   9770 |   8915 |    855 |    312 |   6527 |  12 |  814.2 |
          Lair |   6077 |   5750 |    327 |    377 |   3667 |   5 | 1215.4 |
        Bailey |    269 |    269 |      0 |      0 |     97 |   1 |  269.0 |
       Volcano |    253 |    253 |      0 |      0 |     61 |   1 |  253.0 |
      Gauntlet |    480 |    480 |      0 |    100 |    159 |   1 |  480.0 |
               +--------+--------+--------+--------+--------+-----+--------+

Top non-repeatable levels by time:
  Lair:2: 1485 daAuts
  Lair:5: 1392 daAuts
  Lair:3: 1392 daAuts
     D:6: 1385 daAuts
     D:7: 1162 daAuts
  Lair:1: 975 daAuts
    D:10: 935 daAuts
     D:4: 918 daAuts
     D:5: 887 daAuts
  Lair:4: 830 daAuts
     D:3: 823 daAuts
     D:8: 806 daAuts
     D:9: 790 daAuts
     D:2: 752 daAuts
     D:1: 689 daAuts
